 Dungeon Crawl Stone Soup version 0.27-a0-808-g60bc5d92e6 (webtiles) character file.

Game seed: 17877772860275543507

38 harryhousin the Shield-Bearer (level 3, -2/35 HPs)
             Began as a Gnoll Fighter on Mar 28, 2021.
             Slain by a hobgoblin (3 damage)
             ... led by Robin
             ... on level 1 of the Dungeon.
             The game lasted 00:03:21 (753 turns).

harryhousin the Shield-Bearer (Gnoll Fighter)        Turns: 753, Time: 00:03:22

Health: -2/35      AC: 10    Str: 16    XL:     3   Next: 43%
Magic:  4/4        EV:  8    Int:  7    God:
Gold:   56         SH: 10    Dex: 11    Spells: 3/3 levels left

rFire    . . .     SeeInvis .   a - +0 war axe
rCold    . . .     Faith    .   c - +0 kite shield
rNeg     . . .     Spirit   .   b - +0 scale mail
rPois    .         Reflect  .   (no helmet)
rElec    .         Harm     .   (no cloak)
rCorr    .         Rampage  .   e - +1 pair of gloves {Stlth+}
Will     .....                  (no boots)
Stlth    +.........             (no amulet)
HPRegen  0.11/turn              (no ring)
MPRegen  0.09/turn              (no ring)

@: no status effects
A: fangs 1, strong nose, distributed training
a: no special abilities


You were on level 1 of the Dungeon.
You visited 1 branch of the dungeon, and saw 2 of its levels.

You collected 56 gold pieces.

Inventory:

Hand Weapons
 a - a +0 war axe (weapon)
Armour
 b - a +0 scale mail (worn)
 c - a +0 kite shield (worn)
 e - a +1 pair of gloves of stealth (worn)
Scrolls
 f - 2 scrolls of identify {unknown}
 g - a scroll of enchant weapon {unknown}
Potions
 d - a potion of might


   Skills:
 + Level 6.5 Fighting
 + Level 0.8 Short Blades
 + Level 0.8 Long Blades
 + Level 4.5 Axes
 + Level 0.8 Maces & Flails
 + Level 0.8 Polearms
 + Level 0.8 Staves
 + Level 0.8 Slings
 + Level 0.8 Bows
 + Level 0.8 Crossbows
 + Level 0.8 Throwing
 + Level 6.5 Armour
 + Level 0.8 Dodging
 + Level 0.8 Stealth
 + Level 6.5 Shields
 + Level 0.8 Unarmed Combat
 + Level 0.8 Spellcasting
 + Level 0.5 Conjurations
 + Level 0.5 Hexes
 + Level 0.5 Summonings
 + Level 0.5 Necromancy
 + Level 0.5 Translocations
 + Level 0.5 Transmutations
 + Level 0.5 Fire Magic
 + Level 0.5 Ice Magic
 + Level 0.5 Air Magic
 + Level 0.5 Earth Magic
 + Level 0.5 Poison Magic
 + Level 1.0 Invocations
 + Level 0.8 Evocations


You had 3 spell levels left.
You didn't know any spells.
Your spell library was empty.

Dungeon Overview and Level Annotations

Branches:
Dungeon (2/15)

Altars:

Annotations:
D:2 Robin


Innate Abilities, Weirdness & Mutations

You have very sharp teeth.
Your uncanny sense of smell can sniff out nearby items.
Your experience applies equally to all skills.


Message History

You completely miss the hobgoblin. You closely miss the goblin.
The hobgoblin hits you! You block the goblin's attack.
You block the hobgoblin's attack. The hobgoblin hits you.
The goblin barely misses you.
You closely miss the goblin. x2; You barely miss the hobgoblin. x2
The hobgoblin no longer looks unusually strong.
The goblin no longer looks unusually strong.
The goblin barely misses you. You block the hobgoblin's attack.
The hobgoblin hits you but does no damage.
The goblin hits you with a +0 club.
* * * LOW HITPOINT WARNING * * *
The goblin hits you with a +0 dagger.
* * * LOW HITPOINT WARNING * * *
The goblin no longer looks unusually strong.
You block the hobgoblin's attack. x2; The goblin hits you with a +0 club.
* * * LOW HITPOINT WARNING * * *
You block the goblin's attack.
You climb upwards.
There is a stone staircase leading down here.
Your scale mail prevents you from hitting the hobgoblin.
The hobgoblin is moderately wounded.
You slash the goblin!
You kill the goblin!
You hit the goblin but do no damage.
The hobgoblin hits you but does no damage.
You block the goblin's attack. The hobgoblin closely misses you.
The goblin hits you with a +0 club.
* * * LOW HITPOINT WARNING * * *
The hobgoblin hits you but does no damage.
You hit the hobgoblin.
You kill the hobgoblin!
You hit the hobgoblin. You barely miss the goblin.
The goblin closely misses you. The hobgoblin hits you.
* * * LOW HITPOINT WARNING * * *
Your Invocations skill increases to level 1!
Unknown command.
You slash the goblin!
You kill the goblin!
You hit the hobgoblin but do no damage. The hobgoblin hits you.
You die...

..#.........#.##.#
#
......###...#.##.#
#
......##...##..#.#
#
......##...##..#.#
####
......###..##..#.#
#..+
...........##....#
##'##
....###...###.#..#
#....
...####.......#g.#
#...#
....#....####..)@#
#...# ...####..#
###### #...#
....###..# ##...
........## ####
####..### ####..#
##....# ##....#
####..#


You could see a hobgoblin.

Vanquished Creatures
  An adder (D:2)
  10 goblins
  4 hobgoblins
  6 jackals (D:1)
  2 kobolds (D:1)
  A rat (D:1)
24 creatures vanquished.

Notes
Turn   | Place    | Note
-------+----------+-------------------------------------------
     0 | D:1      | harryhousin the Gnoll Fighter began the quest for the Orb.
     0 | D:1      | Reached XP level 1. HP: 23/23 MP: 1/1
   200 | D:1      | Reached XP level 2. HP: 28/29 MP: 2/2
   728 | D:2      | Noticed Robin
   741 | D:2      | Reached XP level 3. HP: 35/35 MP: 3/3
   752 | D:1      | HP: 1/35 [hobgoblin[Robin] (2)]
   753 | D:1      | Reached skill level 1 in Invocations
   753 | D:1      | Slain by a hobgoblin

Illustrated notes

Levels and vault maps discovered:
D:1:      psy_arrival_whirlpool, layout_basic, hangedman_decor_growths
D:2:      layout_loops_cross, gammafunk_temple_overflow_wave,
          minmay_pentomino_q4, uniq_robin

Skill      XL: |  1  2  3 |
---------------+----------+-----
Invocations    | 1 |  1.0
Fighting       | |  6.5
Short Blades   | |  0.8
Long Blades    | |  0.8
Axes           | |  4.5
Maces & Flails | |  0.8
Polearms       | |  0.8
Staves         | |  0.8
Slings         | |  0.8
Bows           | |  0.8
Crossbows      | |  0.8
Throwing       | |  0.8
Armour         | |  6.5
Dodging        | |  0.8
Stealth        | |  0.8
Shields        | |  6.5
Unarmed Combat | |  0.8
Spellcasting   | |  0.8
Conjurations   | |  0.5
Hexes          | |  0.5
Summonings     | |  0.5
Necromancy     | |  0.5
Translocations | |  0.5
Transmutations | |  0.5
Fire Magic     | |  0.5
Ice Magic      | |  0.5
Air Magic      | |  0.5
Earth Magic    | |  0.5
Poison Magic   | |  0.5
Evocations     | |  0.8

Action                   || total
-------------------------++-------
Melee: War axe           ||    43
       Bite              ||     2
Armor: Scale mail        ||    37
Dodge: Dodged            ||    21
Block: Kite shield       ||    40

Table legend: (Time is in decaauts)
 A = Elapsed time spent in this place.
 B = Non-inter-level travel time spent in this place.
 C = Inter-level travel time spent in this place.
 D = Time resting spent in this place.
 E = Time spent auto-exploring this place.
 F = Levels seen in this place.
 G = Mean time per level.
                   A        B        C        D        E       F      G
               +--------+--------+--------+--------+--------+-----+--------+
         Total |    773 |    747 |     26 |      0 |    546 |   2 |  386.5 |
       Dungeon |    773 |    747 |     26 |      0 |    546 |   2 |  386.5 |
               +--------+--------+--------+--------+--------+-----+--------+

Top non-repeatable levels by time:
     D:1: 744 daAuts
     D:2: 29 daAuts
